[Event "2nd Cambridge Open 2024"]
[Site "Cambridge"]
[Date "2024.02.24"]
[Round "8.14"]
[White "Pozzari, Simone"]
[Black "Ward, Ieuan C"]
[Result "0-1"]
[ECO "E08"]
[WhiteElo "2282"]
[BlackElo "2028"]
[Annotator "TA"]
[PlyCount "60"]
[EventDate "2024.02.18"]
[EventType "swiss"]
[EventCountry "ENG"]
[SourceTitle "playchess.com"]
[Source "ChessBase"]
[SourceQuality "1"]
[TimeControl "5400+30"]

1. d4 Nf6 2. c4 e6 3. g3 d5 4. Bg2 Be7 5. Nf3 O-O 6. O-O Nbd7 7. Qc2 b6 8. cxd5 exd5 9. Bf4 c5 10. dxc5 bxc5 11. Nc3 {[%emt 0:03:26] White is slightly better.} Bb7 12. Rfd1 (12. e3 $14) 12... d4 $15 13. Nb5 Qb6 {[%emt 0:02:03] Repels Nd6} 14. Na3 Be4 15. Qd2 Qb7 16. Nc4 Qd5 ({Black should play} 16... Nb6 $15 17. Na5 Qd5) 17. Rac1 Nb6 18. b3 Nxc4 19. Rxc4 Qb7 (19... h6 $15) 20. Bg5 $11 Nd5 {[%emt 0:08:56][%cal Bf6d5,Bd5b6,Bb6c4][%mdl 32] White must now prevent ...f6.} 21. Bxe7 Qxe7 {[%emt 0:00:11] [#]} 22. Nxd4 $1 Nb6 $1 (22... cxd4 23. Bxe4 Qxe4 24. Rxd4 $18 (24. Qxd4 $2 Qe7 $19)) 23. Bxe4 $1 Nxc4 24. Nf5 $2 {[%emt 0:10:04] This move loses the game for White.} (24. Qc2 $14 {keeps the upper hand.} Rad8 25. Bxh7+ Kh8 26. bxc4 Rxd4 27. Rxd4 cxd4 28. Be4) 24... Qxe4 $19 25. Qg5 g6 (25... Qxe2 26. Qxg7#) 26. Nh6+ Kg7 27. Ng4 {[%emt 0:01:50] Dodges Ne5} (27. bxc4 {nothing else works.} Rae8 (27... Qxe2 28. Nf5+ Kg8 29. Nh6+ Kg7 30. Nf5+ Kg8 31. Nh6+ Kg7 $11) 28. Rd5) 27... Qf5 {[%emt 0:02:07] Black is clearly winning.} ({Not} 27... Qxe2 28. Qf6+ Kg8 29. Nh6#) 28. Qh6+ {[%emt 0:02:37] [#]} Kh8 $1 29. h3 Ne5 30. e4 Qe6 {[%emt 0:03:45] Weighted Error Value: White=0.62/Black=0.12 (very precise) .  Loses game:     	White=1     	---        Mistake:       	White=2     	Black=2      Inaccurate:     	White=2     	Black=1      OK:         	White=8     	Black=6      Best:        	---       	Black=6      Strong:       	White=1     	Black=2} (30... Qxe4 $2 {too greedy.} 31. Nf6 Nf3+ 32. Kh1 Ng5+ 33. Nxe4 Nxe4 34. Qf4 $18) 0-1

[Event "2nd Cambridge Open 2024"]
[Site "Cambridge"]
[Date "2024.02.24"]
[Round "8.15"]
[White "Dishman, Stephen"]
[Black "Rushbrooke, Remy"]
[Result "1/2-1/2"]
[ECO "A80"]
[WhiteElo "2273"]
[BlackElo "2049"]
[Annotator "TA"]
[PlyCount "100"]
[EventDate "2024.02.18"]
[EventType "swiss"]
[EventCountry "ENG"]
[SourceTitle "playchess.com"]
[Source "ChessBase"]
[SourceQuality "1"]
[TimeControl "5400+30"]

1. d4 f5 2. Bg5 h6 3. Bh4 g5 4. e3 Nf6 5. Bg3 Bg7 6. Nc3 d6 7. h4 g4 $1 8. h5 {[%emt 0:02:51] White is slightly better.} Nc6 9. Bc4 a6 10. Nge2 {[%emt 0:01:54] Strongly threatening Nf4.} b5 11. Bb3 e5 {[%emt 0:04:30] Inhibits Nf4.} (11... Na5 $14) 12. dxe5 $16 dxe5 13. Qxd8+ Kxd8 14. O-O-O+ Ke8 15. Nd5 Nxd5 16. Bxd5 Bd7 {[%emt 0:07:05] [#]} 17. Bf7+ $1 Kxf7 18. Rxd7+ Ne7 19. Bh4 {[%emt 0:01:51] White has more active pieces.} Bf6 20. Bxf6 (20. Rxc7 Bxh4 21. Rxh4 Rhc8 22. Rxc8 Rxc8 $14) 20... Kxf6 21. Rxc7 Rac8 22. Rxc8 ({Better is} 22. Ra7 $16) 22... Rxc8 {[%emt 0:00:05][%mdl 4096] Endgame. KRN-KRN} 23. Rd1 Ke6 {[%emt 0:00:08] Repels Rd6+} 24. Ng3 Nd5 (24... a5 $14) 25. Nxf5 $1 Nb4 $2 (25... Kxf5 $16 26. Rxd5 Rf8) 26. e4 $1 $18 (26. Nxh6 Rxc2+ 27. Kb1 Rxf2 $14) 26... Rxc2+ 27. Kb1 Re2 28. a3 (28. Nxh6 Rxe4 29. a3 Nd5 $16) ({Don't take} 28. Rd6+ Kf7 29. Nxh6+ (29. Rxh6 $2 Re1#) 29... Kf8 30. Rd8+ (30. Nxg4 $2 Re1+) 30... Kg7 31. Nf5+ (31. Nxg4 $2 Re1+) 31... Kh7 32. Rd7+ Kh8 33. Rd8+ Kh7 $18) 28... Rxe4 29. Ng3 ({Less strong is} 29. Nxh6 Nd5 $16) 29... Rf4 30. axb4 Rxf2 {[%emt 0:00:03] KRN-KR} 31. Rg1 (31. Rd6+ Kxd6 32. Ne4+ Ke6 33. Nxf2) 31... Kd5 32. Ka2 {[%emt 0:01:17] And now Rd1+ would win.} Kd4 $2 (32... e4 {keeps fighting.} 33. Re1 Rxg2) 33. Re1 Rxg2 34. Nf5+ Kd3 35. Rxe5 (35. Nxh6 $142 e4 36. Nf5) 35... Re2 {[%emt 0:00:59] [#]} 36. Rc5 Re6 {[%emt 0:01:57] [#]} 37. Rc1 $2 (37. Ng3 $1 $18) 37... Ke4 $11 {[%emt 0:05:44] The position is equal.} 38. Rf1 {[%emt 0:01:15] Ng3+ would now be deadly.} Rf6 $1 39. Ng3+ Ke5 40. Re1+ Kf4 41. Rf1+ Ke5 {[%emt 0:00:04] aiming for ...Rxf1.} 42. Rg1 Rf2 43. Kb3 Kf4 {[%emt 0:02:26] Hoping for ...Rf3+.} 44. Ne4 Kxe4 45. Rxg4+ {[%emt 0:00:01] KR-KR} Ke5 46. Kc3 Rf3+ 47. Kc2 Rh3 48. Rg6 Rxh5 49. Rxa6 Kd4 50. Rc6 Kd5 $2 {[%emt 0:07:32][%mdl 40960] Weighted Error Value: White=0.24 (precise) /Black=0.20 (precise) .  Loses game:     	---       	Black=2      Missed win:     	White=1     	---        Mistake:       	White=3     	Black=3      OK:         	White=22    	Black=14     Best:        	White=4     	Black=9      Strong:       	White=2     	Black=2     . An unexpected result.} (50... Rh2+ $11 51. Kb3 Rh3+ 52. Ka2 Rh5) 1/2-1/2

[Event "2nd Cambridge Open 2024"]
[Site "Cambridge"]
[Date "2024.02.24"]
[Round "8.16"]
[White "Shafi, Declan"]
[Black "Kovalskyi, Roman"]
[Result "1-0"]
[ECO "E04"]
[WhiteElo "2219"]
[BlackElo "2009"]
[Annotator "RC"]
[PlyCount "117"]
[EventDate "2024.02.18"]
[EventType "swiss"]
[EventCountry "ENG"]
[SourceTitle "playchess.com"]
[Source "ChessBase"]
[SourceQuality "1"]
[TimeControl "5400+30"]

1. Nf3 d5 2. g3 c5 3. Bg2 Nf6 4. O-O Nc6 5. d4 e6 6. c4 dxc4 7. Ne5 Nxe5 8. dxe5 Nd5 9. Na3 Be7 10. Nxc4 O-O 11. Nd6 Bxd6 12. exd6 Qb6 13. e4 Nb4 14. d7 Bxd7 15. Qxd7 Nc2 16. Rb1 Na3 17. bxa3 Qxb1 18. Be3 Qb6 19. e5 Rab8 20. Qd6 Qb2 21. Bxc5 b6 22. Bb4 a5 23. Qd2 Qxd2 24. Bxd2 Rfd8 25. Be3 Rd3 26. a4 Ra3 27. Bc6 Rxa2 28. Rd1 Kf8 29. Bxb6 Rc2 30. Bb5 Ra8 31. Bxa5 g6 32. Rd8+ Rxd8 33. Bxd8 Rd2 34. Bb6 Rd5 35. Bc7 Ke7 36. Bd6+ Kd8 37. Kg2 f6 38. Bc4 Rd4 39. Bb5 fxe5 40. Bxe5 Rd5 41. Bf6+ Kc7 42. h4 Kd6 43. f4 Kc5 44. Be5 Kb4 45. Kf3 Rd2 46. Kg4 Rg2 47. Bd7 Rd2 48. Bxe6 Kxa4 49. Kg5 Rg2 50. g4 h5 51. Kxg6 hxg4 52. f5 g3 53. f6 Re2 54. Bd7+ Kb3 55. Bxg3 Rg2 56. f7 Rxg3+ 57. Kf6 Rf3+ 58. Bf5 Rf4 59. f8=Q 1-0

[Event "2nd Cambridge Open 2024"]
[Site "Cambridge"]
[Date "2024.02.24"]
[Round "8.17"]
[White "Golubovic, Erik"]
[Black "McClement, Andrew"]
[Result "1/2-1/2"]
[ECO "E11"]
[WhiteElo "2025"]
[BlackElo "2223"]
[Annotator "RC"]
[PlyCount "41"]
[EventDate "2024.02.18"]
[EventType "swiss"]
[EventCountry "ENG"]
[SourceTitle "playchess.com"]
[Source "ChessBase"]
[SourceQuality "1"]
[TimeControl "5400+30"]

1. d4 Nf6 2. c4 e6 3. g3 d5 4. Nf3 Bb4+ 5. Bd2 Be7 6. Bg2 O-O 7. O-O c6 8. Qb3 b6 9. cxd5 cxd5 10. Bb4 Nc6 11. Bxe7 Qxe7 12. Rc1 Bb7 13. Nc3 Rfc8 14. e3 Na5 15. Qd1 Qb4 16. Rab1 Nc4 17. Nd2 Ba6 18. Nxc4 Bxc4 19. Rc2 h6 20. Rbc1 a5 21. Bf1 1/2-1/2

[Event "2nd Cambridge Open 2024"]
[Site "Cambridge"]
[Date "2024.02.24"]
[Round "8.18"]
[White "Saine, Zachary"]
[Black "Martyn, Rafe"]
[Result "1-0"]
[ECO "B33"]
[WhiteElo "1978"]
[BlackElo "2206"]
[Annotator "RC"]
[PlyCount "71"]
[EventDate "2024.02.18"]
[EventType "swiss"]
[EventCountry "ENG"]
[SourceTitle "playchess.com"]
[Source "ChessBase"]
[SourceQuality "1"]
[TimeControl "5400+30"]

1. e4 c5 2. Nf3 Nc6 3. d4 cxd4 4. Nxd4 Nf6 5. Nc3 e5 6. Ndb5 d6 7. Nd5 Nxd5 8. exd5 Nb8 9. a4 a6 10. Na3 Be7 11. Be2 O-O 12. Bd2 a5 13. Bb5 f5 14. Qe2 Na6 15. Nc4 Nc5 16. b4 axb4 17. Bxb4 Qc7 18. f4 exf4 19. Bxc5 f3 20. Bb6 fxg2 21. Qxg2 Bh4+ 22. Kd1 Qe7 23. Qe2 Qf6 24. Ra3 f4 25. Bf2 f3 26. Qe3 Bg5 27. Qc3 Qf4 28. Ne3 Bf5 29. Qc4 Be4 30. Bg3 Bxc2+ 31. Qxc2 Qd4+ 32. Rd3 Qa1+ 33. Qc1 Qa2 34. Ra3 Qg2 35. Nxg2 fxg2 36. Rg1 1-0

[Event "2nd Cambridge Open 2024"]
[Site "Cambridge"]
[Date "2024.02.24"]
[Round "8.19"]
[White "Karamsetty, Jeevan"]
[Black "McLean, Robert"]
[Result "1/2-1/2"]
[ECO "B50"]
[WhiteElo "2211"]
[BlackElo "1823"]
[Annotator "RC"]
[PlyCount "73"]
[EventDate "2024.02.18"]
[EventType "swiss"]
[EventCountry "ENG"]
[SourceTitle "playchess.com"]
[Source "ChessBase"]
[SourceQuality "1"]
[TimeControl "5400+30"]

1. e4 e6 2. d3 d5 3. Nd2 Nf6 4. Ngf3 Be7 5. c3 O-O 6. e5 Nfd7 7. d4 c5 8. Bd3 Nc6 9. O-O cxd4 10. cxd4 f6 11. exf6 Bxf6 12. Nb3 e5 13. dxe5 Ndxe5 14. Be2 Nxf3+ 15. Bxf3 d4 16. Bf4 Bf5 17. Rc1 Qb6 18. Bd6 Rfd8 19. Bc5 Qa6 20. Bxc6 bxc6 21. Bxd4 Be6 22. Qe1 Bc4 23. Nc5 Qxa2 24. Ra1 Qxa1 25. Qxa1 Bxd4 26. Rc1 Bxc5 27. Rxc4 Bb6 28. g3 Rf8 29. Rxc6 Bxf2+ 30. Kg2 Bb6 31. Rc2 Rf6 32. b4 Raf8 33. Qa2+ Kh8 34. b5 Rf2+ 35. Kh3 Rxc2 36. Qxc2 g6 37. Qc3+ 1/2-1/2

[Event "2nd Cambridge Open 2024"]
[Site "Cambridge"]
[Date "2024.02.24"]
[Round "8.20"]
[White "Abhyuday, Santhosh"]
[Black "Sivanandan, Bodhana"]
[Result "1-0"]
[ECO "B11"]
[WhiteElo "2058"]
[BlackElo "1856"]
[Annotator "RC"]
[PlyCount "149"]
[EventDate "2024.02.18"]
[EventType "swiss"]
[EventCountry "ENG"]
[SourceTitle "playchess.com"]
[Source "ChessBase"]
[SourceQuality "1"]
[TimeControl "5400+30"]

1. e4 c6 2. Nc3 d5 3. Qf3 dxe4 4. Nxe4 Nf6 5. Bc4 Nbd7 6. d4 e6 7. Ne2 Nxe4 8. Qxe4 Nf6 9. Qf3 Bd6 10. Bf4 Bxf4 11. Qxf4 Nd5 12. Qd2 Bd7 13. Bd3 Qe7 14. c3 e5 15. dxe5 Qxe5 16. c4 Nf6 17. f4 Qe7 18. O-O-O O-O-O 19. Rhe1 Kb8 20. Nc3 Qd6 21. Qf2 Bg4 22. Rd2 Qc7 23. h3 Bc8 24. g4 h6 25. Kc2 Rhe8 26. Rde2 Qd6 27. Qf3 Rxe2+ 28. Rxe2 Nd7 29. Ne4 Qb4 30. a3 Qa4+ 31. Kc1 Qa5 32. Bc2 Qc7 33. b3 Nf8 34. f5 Nd7 35. Qc3 f6 36. Nd2 Qd6 37. Kb2 Nc5 38. Ne4 Nxe4 39. Rxe4 h5 40. Qe3 hxg4 41. hxg4 c5 42. Kc3 Rd7 43. b4 b6 44. Kb3 cxb4 45. axb4 a5 46. c5 bxc5 47. bxc5 Qd5+ 48. Kb2 Rb7+ 49. Bb3 Qc6 50. Ka2 Rc7 51. Rc4 Ba6 52. Rc2 Rc8 53. Be6 Rc7 54. Rb2+ Ka7 55. Rc2 Rb7 56. Qa3 Rb4 57. Bb3 Rxg4 58. Qxa5 Rd4 59. Qc3 Rd7 60. Qb4 Rb7 61. Qd4 Rd7 62. Qf4 Rd8 63. Ba4 Qd5+ 64. Bb3 Qc6 65. Qb4 Rb8 66. Qa3 Rd8 67. Bc4 Rd7 68. Re2 Rb7 69. Rd2 Rb8 70. Rd7+ Rb7 71. Rd2 Rb8 72. Be2 Rb7 73. Rd6 Qc7 74. Rxa6+ Kb8 75. Ra8# 1-0

[Event "2nd Cambridge Open 2024"]
[Site "Cambridge"]
[Date "2024.02.24"]
[Round "8.21"]
[White "Martin, Lewis"]
[Black "Nawalaniec, Adam"]
[Result "0-1"]
[ECO "A13"]
[WhiteElo "2144"]
[BlackElo "1876"]
[Annotator "RC"]
[PlyCount "80"]
[EventDate "2024.02.18"]
[EventType "swiss"]
[EventCountry "ENG"]
[SourceTitle "playchess.com"]
[Source "ChessBase"]
[SourceQuality "1"]
[TimeControl "5400+30"]

1. c4 e6 2. g3 d5 3. Bg2 Nf6 4. Nf3 dxc4 5. Na3 Bxa3 6. bxa3 b5 7. Ne5 Nd5 8. O-O f6 9. e4 Ne7 10. Ng4 e5 11. a4 b4 12. Ne3 Ba6 13. Re1 Nbc6 14. Bf1 Qd4 15. Nc2 Qc5 16. Bb2 Rd8 17. Qc1 Nd4 18. Re3 Nec6 19. Ne1 Na5 20. Qd1 O-O 21. Rc1 Qb6 22. Qh5 Qc6 23. f4 Qxa4 24. fxe5 fxe5 25. Bh3 Qe8 26. Qg5 h6 27. Qh4 c3 28. dxc3 Nc4 29. cxd4 Nxe3 30. d5 Rd6 31. g4 Rdf6 32. Nc2 Nc4 33. Ba1 Nd2 34. Qg3 Rf3 35. Qh4 Rf1+ 36. Rxf1 Rxf1+ 37. Bxf1 Nf3+ 38. Kf2 Nxh4 39. Bxa6 Qa4 40. Bd3 Qxa2 0-1

[Event "2nd Cambridge Open 2024"]
[Site "Cambridge"]
[Date "2024.02.24"]
[Round "8.22"]
[White "Underwood, Jon"]
[Black "Waller, Dan"]
[Result "0-1"]
[ECO "A25"]
[WhiteElo "1993"]
[BlackElo "2126"]
[Annotator "RC"]
[PlyCount "100"]
[EventDate "2024.02.18"]
[EventType "swiss"]
[EventCountry "ENG"]
[SourceTitle "playchess.com"]
[Source "ChessBase"]
[SourceQuality "1"]
[TimeControl "5400+30"]

1. c4 e5 2. g3 Nc6 3. Bg2 g6 4. Nc3 Bg7 5. e3 d6 6. Nge2 f5 7. d4 Nge7 8. O-O O-O 9. b3 Kh8 10. Bb2 Bd7 11. Qd2 Rc8 12. Rad1 e4 13. Nf4 Qe8 14. f3 exf3 15. Bxf3 Qf7 16. Rde1 Ng8 17. Ncd5 Nf6 18. Nxf6 Qxf6 19. b4 b6 20. b5 Na5 21. Rc1 Rfe8 22. Ba3 Be6 23. Nd5 Qf7 24. e4 fxe4 25. Bxe4 Qg8 26. Qd3 a6 27. bxa6 b5 28. a7 Nxc4 29. Nf4 Nxa3 30. Qxa3 Bxd4+ 31. Kh1 Bc4 32. Rfe1 g5 33. Ng2 c5 34. Bb7 Bd5 35. Bxc8 Rxc8 36. Rcd1 Qg7 37. Qa6 Qb7 38. Qxb7 Bxb7 39. Re7 Bc6 40. Rf1 c4 41. Rff7 c3 42. Rc7 Rxc7 43. Rxc7 Bd5 44. h4 Bc5 45. Kh2 c2 46. Rc8+ Kg7 47. Rc7+ Kf8 48. Ne3 c1=Q 49. Nxd5 Qg1+ 50. Kh3 Bxa7 0-1

[Event "2nd Cambridge Open 2024"]
[Site "Cambridge"]
[Date "2024.02.24"]
[Round "8.23"]
[White "Pereslavtsev, Alexandr"]
[Black "Southcott-Moyers, Indy"]
[Result "1/2-1/2"]
[ECO "D36"]
[WhiteElo "1696"]
[BlackElo "2123"]
[Annotator "RC"]
[PlyCount "106"]
[EventDate "2024.02.18"]
[EventType "swiss"]
[EventCountry "ENG"]
[SourceTitle "playchess.com"]
[Source "ChessBase"]
[SourceQuality "1"]
[TimeControl "5400+30"]

1. d4 d5 2. c4 e6 3. Nc3 Nf6 4. cxd5 exd5 5. Bg5 c6 6. e3 Be7 7. Bd3 h6 8. Bh4 O-O 9. Qc2 Re8 10. Nf3 Ne4 11. Bxe7 Qxe7 12. Bxe4 dxe4 13. Nd2 f5 14. O-O Be6 15. Rab1 Nd7 16. b4 b5 17. a4 a6 18. a5 Nf6 19. Rfc1 Rec8 20. Ne2 Nd5 21. Qc5 Kf7 22. Qxe7+ Kxe7 23. Nc3 Nf6 24. f3 exf3 25. gxf3 Rd8 26. Ne2 Rac8 27. Nf4 Bf7 28. Nd3 Rd6 29. Kf2 g5 30. Ne5 f4 31. Ne4 Nxe4+ 32. fxe4 Bg6 33. Nxg6+ Rxg6 34. Rc5 Rf8 35. e5 g4 36. exf4 Rxf4+ 37. Ke3 Rf3+ 38. Ke4 Rf8 39. Rbc1 g3 40. hxg3 Rg4+ 41. Ke3 Rxg3+ 42. Ke4 Rg4+ 43. Ke3 Rff4 44. Rxc6 Re4+ 45. Kf3 Rgf4+ 46. Kg3 Rg4+ 47. Kh3 Rh4+ 48. Kg3 Reg4+ 49. Kf3 Rf4+ 50. Kg3 Rhg4+ 51. Kh3 Rh4+ 52. Kg3 Rhg4+ 53. Kh3 Rh4+ 1/2-1/2

[Event "2nd Cambridge Open 2024"]
[Site "Cambridge"]
[Date "2024.02.24"]
[Round "8.24"]
[White "Borsos, Bogdan"]
[Black "Dierssen Garcia-Barredo, Guiller"]
[Result "1/2-1/2"]
[ECO "B27"]
[WhiteElo "2094"]
[BlackElo "1937"]
[Annotator "RC"]
[PlyCount "87"]
[EventDate "2024.02.18"]
[EventType "swiss"]
[EventCountry "ENG"]
[SourceTitle "playchess.com"]
[Source "ChessBase"]
[SourceQuality "1"]
[TimeControl "5400+30"]

1. Nf3 c5 2. c4 g6 3. e3 Bg7 4. d4 cxd4 5. exd4 d5 6. cxd5 Nf6 7. Bb5+ Nbd7 8. d6 exd6 9. Qe2+ Qe7 10. Qxe7+ Kxe7 11. Nc3 h6 12. O-O Nb6 13. Re1+ Be6 14. h3 a6 15. Bd3 Nbd5 16. Bd2 Rac8 17. Nxd5+ Nxd5 18. Rac1 Kd7 19. b3 Rxc1 20. Rxc1 Rc8 21. Rxc8 Kxc8 22. Kf1 Kd7 23. Ke2 Nc7 24. Be4 Bd5 25. Bxd5 Nxd5 26. Kd3 Ke6 27. Ng1 b5 28. Ne2 f5 29. Nf4+ Nxf4+ 30. Bxf4 Kd5 31. f3 h5 32. Be3 Bf6 33. g4 fxg4 34. fxg4 hxg4 35. hxg4 Bh4 36. Bg1 Bg5 37. Bh2 Bf6 38. Bg3 Bxd4 39. Bxd6 Be5 40. Be7 Bg7 41. Bd8 Ke5 42. Bc7+ Kd5 43. Bd8 Bf8 44. Bc7 1/2-1/2

[Event "2nd Cambridge Open 2024"]
[Site "Cambridge"]
[Date "2024.02.24"]
[Round "8.25"]
[White "Woltery, Nicolai"]
[Black "Denderski, Piotr"]
[Result "0-1"]
[ECO "D34"]
[WhiteElo "1979"]
[BlackElo "2137"]
[Annotator "RC"]
[PlyCount "164"]
[EventDate "2024.02.18"]
[EventType "swiss"]
[EventCountry "ENG"]
[SourceTitle "playchess.com"]
[Source "ChessBase"]
[SourceQuality "1"]
[TimeControl "5400+30"]

1. c4 Nf6 2. Nc3 c5 3. g3 Nc6 4. Bg2 e6 5. Nf3 d5 6. cxd5 exd5 7. d4 h6 8. O-O Be7 9. dxc5 Bxc5 10. a3 a5 11. Ne1 d4 12. Nd3 Be7 13. Na4 O-O 14. Bf4 Be6 15. Ndc5 Bxc5 16. Nxc5 Bd5 17. Bxd5 Qxd5 18. Rc1 b6 19. Nd3 Rac8 20. Bd2 Rfe8 21. f3 Qd7 22. Re1 Nd5 23. Qb3 g5 24. Nf2 Re6 25. Qb5 Rce8 26. Kf1 Kg7 27. Rc2 f5 28. Qd3 Re3 29. Bxe3 Nxe3+ 30. Kg1 Nxc2 31. Qxc2 Qd5 32. Rc1 Re6 33. Nd3 Qd6 34. Kf1 h5 35. Nf2 Qe5 36. Qd2 Rg6 37. f4 gxf4 38. Qxf4 Qxf4 39. gxf4 Kf7 40. Nd3 Ke7 41. Kf2 h4 42. a4 h3 43. Rg1 Rxg1 44. Kxg1 Kd6 45. Kf2 Kd5 46. Kg3 Ke4 47. Kf2 Ne7 48. Ne5 Kxf4 49. Nf3 Nc6 50. Nd2 Ne5 51. Nb3 Ng4+ 52. Ke1 Ke3 53. Nd2 Ne5 54. Nf1+ Ke4 55. Ng3+ Kf4 56. Nh5+ Kg5 57. Ng7 d3 58. Ne6+ Kg4 59. Nc7 dxe2 60. Kxe2 Kf4 61. Ne6+ Ke4 62. Ng5+ Kd4 63. Nxh3 Ng4 64. Kf3 Nxh2+ 65. Kf4 Kc4 66. Kxf5 Kb4 67. Nf4 Kxa4 68. Nd5 b5 69. Nc3+ Kb4 70. Ke4 Kc4 71. Ne2 Nf1 72. Nc1 Nd2+ 73. Ke3 Nb3 74. Nd3 Nc5 75. Nc1 b4 76. Ke2 a4 77. Kd1 Nb3 78. Na2 Nd4 79. Nc1 b3 80. Kd2 a3 81. Nxb3 Nxb3+ 82. Kc2 a2 0-1

[Event "2nd Cambridge Open 2024"]
[Site "Cambridge"]
[Date "2024.02.24"]
[Round "8.26"]
[White "Banerjee, Supratit"]
[Black "Hutchinson, Norman A"]
[Result "1-0"]
[ECO "B19"]
[WhiteElo "1984"]
[BlackElo "1962"]
[Annotator "RC"]
[PlyCount "45"]
[EventDate "2024.02.18"]
[EventType "swiss"]
[EventCountry "ENG"]
[SourceTitle "playchess.com"]
[Source "ChessBase"]
[SourceQuality "1"]
[TimeControl "5400+30"]

1. e4 c6 2. d4 d5 3. Nd2 dxe4 4. Nxe4 Bf5 5. Ng3 Bg6 6. Nf3 Nd7 7. h4 h6 8. h5 Bh7 9. Bd3 Bxd3 10. Qxd3 e6 11. Bf4 Qa5+ 12. c3 Ngf6 13. a3 c5 14. Ne5 Nxe5 15. Bxe5 Nd7 16. Bf4 cxd4 17. Qxd4 e5 18. Qe4 Be7 19. Nf5 Nc5 20. Qe3 Qb5 21. O-O-O Na4 22. Rd2 Qc5 23. Qxe5 1-0

[Event "2nd Cambridge Open 2024"]
[Site "Cambridge"]
[Date "2024.02.24"]
[Round "8.27"]
[White "Samarakoon, Vivash Ransara"]
[Black "Payne, Matthew J"]
[Result "1-0"]
[ECO "C02"]
[WhiteElo "1839"]
[BlackElo "2091"]
[Annotator "RC"]
[PlyCount "73"]
[EventDate "2024.02.18"]
[EventType "swiss"]
[EventCountry "ENG"]
[SourceTitle "playchess.com"]
[Source "ChessBase"]
[SourceQuality "1"]
[TimeControl "5400+30"]

1. e4 e6 2. d4 d5 3. e5 c5 4. c3 Nc6 5. Nf3 Qb6 6. Bd3 cxd4 7. cxd4 Bd7 8. Bc2 Nb4 9. O-O Nxc2 10. Qxc2 Rc8 11. Nc3 Ne7 12. Rd1 Nf5 13. a3 Be7 14. Qd3 h5 15. Rb1 a5 16. Bg5 Bxg5 17. Nxg5 Rc4 18. Nf3 a4 19. h3 g5 20. g4 hxg4 21. hxg4 Rh3 22. gxf5 g4 23. f6 gxf3 24. Ne4 Bb5 25. Nd6+ Kd7 26. Nxf7 Rh4 27. Qg6 Rcxd4 28. Nh6 Rxh6 29. Qf7+ Kc8 30. Qf8+ Kc7 31. Rbc1+ Bc6 32. Qg7+ Kb8 33. Rxd4 Qxd4 34. f7 Qh4 35. f8=Q+ Ka7 36. Qc5+ Ka6 37. Qxc6+ 1-0

[Event "2nd Cambridge Open 2024"]
[Site "Cambridge"]
[Date "2024.02.24"]
[Round "8.28"]
[White "Woods, Yannick"]
[Black "Brett, Andrew R"]
[Result "1/2-1/2"]
[ECO "C88"]
[WhiteElo "1856"]
[BlackElo "2072"]
[Annotator "RC"]
[PlyCount "98"]
[EventDate "2024.02.18"]
[EventType "swiss"]
[EventCountry "ENG"]
[SourceTitle "playchess.com"]
[Source "ChessBase"]
[SourceQuality "1"]
[TimeControl "5400+30"]

1. e4 e5 2. Nf3 Nc6 3. Bb5 a6 4. Ba4 Nf6 5. O-O Be7 6. Re1 b5 7. Bb3 O-O 8. a4 Bb7 9. d3 d6 10. c3 Na5 11. Ba2 c5 12. Nbd2 h6 13. Nf1 c4 14. Ng3 Re8 15. d4 Bf8 16. d5 Bc8 17. h3 Bd7 18. axb5 axb5 19. Be3 Qc7 20. Bd2 Nb7 21. b4 cxb3 22. Bxb3 Na5 23. Bc2 Nc4 24. Bd3 Rec8 25. Rxa8 Rxa8 26. Bc1 Na5 27. Qe2 Rb8 28. Qc2 Nb7 29. Ba3 Nc5 30. Rb1 Ra8 31. Bxc5 Qxc5 32. Rb4 Ra1+ 33. Kh2 Ra3 34. Ne2 Qxf2 35. Bxb5 Bxb5 36. Rxb5 Ra1 37. Rb4 Nh5 38. Qb2 Qf1 39. Ng3 Nxg3 40. Kxg3 Be7 41. Rb7 Bg5 42. Rb8+ Kh7 43. Nxg5+ hxg5 44. Qf2 Qxf2+ 45. Kxf2 Ra2+ 46. Kf3 Rc2 47. Rc8 g6 48. c4 f5 49. c5 dxc5 1/2-1/2

[Event "2nd Cambridge Open 2024"]
[Site "Cambridge"]
[Date "2024.02.24"]
[Round "8.29"]
[White "Skettos, Nicolas"]
[Black "Pert, Max"]
[Result "1/2-1/2"]
[ECO "B15"]
[WhiteElo "1880"]
[BlackElo "1950"]
[Annotator "RC"]
[PlyCount "40"]
[EventDate "2024.02.18"]
[EventType "swiss"]
[EventCountry "ENG"]
[SourceTitle "playchess.com"]
[Source "ChessBase"]
[SourceQuality "1"]
[TimeControl "5400+30"]

1. e4 c6 2. d4 d5 3. Nd2 dxe4 4. Nxe4 Nf6 5. Nxf6+ exf6 6. c3 Bd6 7. Bd3 O-O 8. Qc2 Re8+ 9. Ne2 h6 10. O-O Nd7 11. Bf4 Nf8 12. Bxd6 Qxd6 13. Rfe1 Bd7 14. Qd2 Rad8 15. Qf4 Qxf4 16. Nxf4 Ne6 17. Nxe6 Bxe6 18. Re3 Kf8 19. a3 Rd7 20. Rae1 Rde7 1/2-1/2

[Event "2nd Cambridge Open 2024"]
[Site "Cambridge"]
[Date "2024.02.24"]
[Round "8.30"]
[White "Homer, Stephen J"]
[Black "Keohane, Ben"]
[Result "0-1"]
[ECO "B03"]
[WhiteElo "2045"]
[BlackElo "1926"]
[Annotator "RC"]
[PlyCount "110"]
[EventDate "2024.02.18"]
[EventType "swiss"]
[EventCountry "ENG"]
[SourceTitle "playchess.com"]
[Source "ChessBase"]
[SourceQuality "1"]
[TimeControl "5400+30"]

1. e4 Nf6 2. e5 Nd5 3. c4 Nb6 4. d4 d6 5. exd6 cxd6 6. Nc3 g6 7. Be3 Bg7 8. b3 O-O 9. Rc1 f5 10. Qd2 e5 11. dxe5 dxe5 12. Qxd8 Rxd8 13. Bg5 Rf8 14. c5 N6d7 15. Bc4+ Kh8 16. Be7 Re8 17. Nd5 b6 18. Bd6 Bb7 19. Nf3 Nxc5 20. Bxc5 bxc5 21. Nc7 Rc8 22. Nxa8 Bxa8 23. Ng5 h6 24. Nf7+ Kh7 25. O-O e4 26. b4 cxb4 27. Bb3 Bc3 28. Rfd1 Bc6 29. Rd8 Rxd8 30. Nxd8 Bb5 31. a3 a5 32. axb4 axb4 33. Rc2 Na6 34. Ra2 Kg7 35. Ra5 Bd3 36. Ne6+ Kf6 37. Nf4 Nc7 38. Rc5 Be5 39. Rc6+ Kg7 40. Rxc7+ Bxc7 41. Ne6+ Kf6 42. Nxc7 Ke5 43. Ne6 f4 44. g3 g5 45. gxf4+ gxf4 46. Kg2 Be2 47. Nd8 Kd4 48. Nc6+ Kc3 49. Na5 Bd3 50. Bd5 Bc2 51. Kf1 Kd2 52. Nb3+ Bxb3 53. Bxb3 e3 54. fxe3 fxe3 55. Bc4 b3 0-1

[Event "2nd Cambridge Open 2024"]
[Site "Cambridge"]
[Date "2024.02.24"]
[Round "8.31"]
[White "Zhang, Junyi"]
[Black "Blauhut, Holger"]
[Result "1/2-1/2"]
[ECO "C54"]
[WhiteElo "1655"]
[BlackElo "2016"]
[Annotator "RC"]
[PlyCount "61"]
[EventDate "2024.02.18"]
[EventType "swiss"]
[EventCountry "ENG"]
[SourceTitle "playchess.com"]
[Source "ChessBase"]
[SourceQuality "1"]
[TimeControl "5400+30"]

1. e4 e5 2. Nf3 Nc6 3. Bc4 Bc5 4. c3 Nf6 5. d4 exd4 6. e5 d5 7. Bb5 Ne4 8. cxd4 Bb6 9. Nc3 O-O 10. Be3 Bg4 11. h3 Bh5 12. Qc2 Nxc3 13. bxc3 f6 14. exf6 Qxf6 15. Be2 Na5 16. O-O Rae8 17. Ne5 Bxe2 18. Qxe2 Qe6 19. Qd2 c5 20. Rfe1 cxd4 21. Bxd4 Bxd4 22. cxd4 Nc6 23. Rac1 Qd6 24. Qb2 Re7 25. Re2 Rfe8 26. f4 g5 27. Rf1 gxf4 28. Rxf4 Nxe5 29. dxe5 Qb6+ 30. Qxb6 axb6 31. Rf5 1/2-1/2